 Dungeon Crawl Stone Soup version 0.31.0-12-g77e489cdc1 (webtiles) character file.

Game seed: 9277903912507408783

126 Maffolandro the Trooper (level 4, -3/38 HPs)
             Began as an Armataur Hedge Wizard on Feb 18, 2024.
             Killed by nerve-wracking pain
             ... invoked by Grinder
              (7 damage)
             ... on level 3 of the Dungeon.
             The game lasted 00:10:00 (2495 turns).

Maffolandro the Trooper (Armataur Hedge Wizard)     Turns: 2495, Time: 00:10:01

Health: -3/38      AC:  5    Str: 17    XL:     4   Next: 84%
Magic:  8/8        EV:  9    Int: 14    God:
Gold:   93         SH:  0    Dex: 10    Spells: 5/8 levels left

rFire   . . .        n - +0 whip
rCold   . . .        (no shield)
rNeg    . . .        b - +0 robe
rPois   .            c - +0 hat
rElec   .            o - +0 cloak
rCorr   .            (no gloves)
SInv    .            (no barding)
Will    .....        (no amulet)
Stlth   ++           (no ring)
HPRegen 0.26/turn    (no ring)
MPRegen 0.11/turn

%: roll
@: no status effects
A: large, deformed body, tough skin 3, armoured tail, roll 1
a: no special abilities


You were on level 3 of the Dungeon.
You visited 1 branch of the dungeon, and saw 3 of its levels.

You collected 93 gold pieces.

Inventory:

Hand Weapons
 a - a +0 dagger
 n - a +0 whip (weapon)
 x - a +0 flail
Armour
 b - a +0 robe (worn)
 c - a +0 hat (worn)
 i - an orb of guile
 o - a +0 cloak (worn)
Scrolls
 f - a scroll of immolation {unknown}
 h - 4 scrolls of identify {unknown}
 j - a scroll of vulnerability {unknown}
 k - a scroll of enchant armour {unknown}
 l - a scroll of fear {unknown}
 q - a scroll of fog {unknown}
 s - a scroll of silence {unknown}
 t - 2 scrolls of revelation {unknown}
 u - a scroll of poison {unknown}
 v - a scroll of brand weapon {unknown}
 w - a scroll of butterflies {unknown}
 y - a scroll of blinking {unknown}
 A - 3 scrolls of enchant weapon {unknown}
Potions
 d - a potion of magic
 e - 2 potions of heal wounds {unknown}
 g - a potion of berserk rage {unknown}
 m - a potion of attraction {unknown}
 p - a potion of ambrosia {unknown}
 r - 2 potions of degeneration {unknown}
 z - 2 potions of mutation {unknown}


   Skills:
 + Level 3.5 Fighting
 - Level 1.3 Dodging
 - Level 2.1 Stealth
 - Level 2.6 Spellcasting
 - Level 0.8 Conjurations
 - Level 2.0 Summonings
 - Level 1.0 Translocations


You had 5 spell levels left.
You knew the following spells:

 Your Spells              Type           Power      Damage    Failure   Level
a - Magic Dart            Conj           16%        1d3       16%         1
b - Call Imp              Summ           14%        N/A       14%         2

Your spell library contained the following spells:

 Spells                   Type           Power      Damage    Failure   Level
 Apportation              Tloc           8%         N/A       14%         1
 Slow                     Hex            4%         N/A       22%         1
 Blink                    Tloc           8%         N/A       22%         2
 Cigotuvi's Dreadful Rot  Necr/Alch/Air  2%         N/A       32%         2
 Jinxbite                 Hex            2%         N/A       32%         2
 Volatile Blastmotes      Fire/Tloc      6%         2d10      47%         3
 Dazzling Flash           Conj/Hex       6%         N/A       50%         3
 Mephitic Cloud           Conj/Alch/Air  2%         N/A       52%         3
 Fugue of the Fallen      Necr           1%         N/A       54%         3
 Ozocubu's Armour         Ice            1%         N/A       54%         3
 Manifold Assault         Tloc           4%         N/A       82%         4
 Alistair's Intoxication  Alch           0%         N/A       99%         5
 Starburst                Conj/Fire      1%         6d3       100%        6
 Maxwell's Capacitive Co  Air            0%         ∞         100%        8


Dungeon Overview and Level Annotations

Branches:
Dungeon (3/15)

Altars:
Gozag

Annotations:
D:3 3 runed translucent doors, Grinder; Nobody9876's ghost, amateur HuBr; Skimidon's ghost, amateur HuWn; Yehuk's ghost, amateur GrMo; eelars's ghost, amateur DECj


Innate Abilities, Weirdness & Mutations

Armour fits poorly on your strangely shaped body.
You have extremely tough skin. (AC +3)
You have a long armoured tail.
You regenerate magic when rolling toward enemies. (Rampage MPRegen)


Message History

Grinder gestures at you. Pain shoots through your body!
Your cerulean imp completely misses Grinder.
Grinder hits you.
* * * LOW HITPOINT WARNING * * *
Your cerulean imp hits Grinder from afar with a -4 spear.
Grinder gestures at you.
You shrug off the repeated paralysis!
Your cerulean imp barely misses Grinder.
Grinder hits you but does no damage.
Your cerulean imp closely misses Grinder.
You can move again.
You swap places.
Grinder hits your cerulean imp!
Your cerulean imp hits Grinder but does no damage.
Unknown command.
Grinder barely misses your cerulean imp.
Your cerulean imp hits Grinder but does no damage.
Unknown command.
Unknown command.
Casting: Call Imp (safe; 14% risk of failure)
Confirm with . or Enter, or press ? or * to list all spells.
A tiny devil pulls itself out of the air.
Unknown command.
You swap places.
Grinder blinks!
You swap places.
Your cerulean imp hits Grinder with a -4 spear.
Grinder hits your cerulean imp!
Your cerulean imp barely misses Grinder.
Unknown command.
Found a scroll labelled USOURGHE WUTAH.
Your cerulean imp misses Grinder.
Your cerulean imp closely misses Grinder.
Your cerulean imp hits Grinder with a -4 spear.
Grinder blinks!
Grinder gestures at you. Pain shoots through your body!
* * * LOW HITPOINT WARNING * * *
Grinder gestures at you. Pain shoots through your body!
You die...
Grinder says, "Now the real fun starts!"

######.....# #.#.# #....
#..........####.#.# #....
#.####............# #....
#.# #............# #....
#.# #...5........# #####
#5# #............##
#5####.............#
#...........5......#
#######'#@####+++#########
#.#.#WWW......#.....
#.#.#8.W.....8#.....
#.###........$#..... #.#
#$.......[#..... #.#
##8.....8##.....
####.#####?♣⌠♣.##...###
#........#######....#
#............##.....###


You could see Grinder (ally target) and a friendly cerulean imp (summoned).

Vanquished Creatures
  A jelly (D:3)
  2 ufetubi (D:3)
  4 ribbon worms
  An orc (D:3)
  A ball python (D:2)
  3 bats
  2 endoplasms
  A giant cockroach (D:1)
  5 goblins
  3 hobgoblins
  3 jackals (D:1)
  7 quokkas
  2 frilled lizards
  3 kobolds
  5 rats
43 creatures vanquished.

Vanquished Creatures (collateral kills)
  2 adders
  A ribbon worm (D:3)
  An endoplasm (D:3)
  2 hobgoblins
  3 kobolds
  3 ball pythons
  A frilled lizard (D:3)
  A goblin (D:2)
14 creatures vanquished.

Grand Total: 57 creatures vanquished

Notes
Turn   | Place    | Note
-------+----------+-------------------------------------------
     0 | D:1      | Maffolandro the Armataur Hedge Wizard began the quest for
                  | the Orb.
     0 | D:1      | Reached XP level 1. HP: 14/14 MP: 4/4
    29 | D:1      | Reached skill level 1 in Summonings
   126 | D:1      | Reached XP level 2. HP: 20/20 MP: 0/5
   227 | D:1      | Learned a level 2 spell: Call Imp
  1145 | D:2      | Found an opulent altar of Gozag.
  1159 | D:2      | Reached skill level 1 in Fighting
  1309 | D:2      | Reached XP level 3. HP: 24/28 MP: 7/7
  1553 | D:2      | Reached skill level 2 in Fighting
  1916 | D:3      | Reached XP level 4. HP: 37/37 MP: 4/8
  2171 | D:3      | Reached skill level 3 in Fighting
  2352 | D:3      | Found a runed translucent gate.
  2353 | D:3      | Found a runed translucent gate.
  2355 | D:3      | Found a runed translucent gate.
  2355 | D:3      | Noticed Skimidon's ghost (amateur HuWn)
  2355 | D:3      | Noticed Yehuk's ghost (amateur GrMo)
  2356 | D:3      | Noticed eelars's ghost (amateur DECj)
  2357 | D:3      | Noticed Nobody9876's ghost (amateur HuBr)
  2449 | D:3      | Noticed Grinder
  2460 | D:3      | Paralysed by Grinder for 5 turns
  2495 | D:3      | Killed from afar by Grinder

Illustrated notes

Levels and vault maps discovered:
D:1:      psy_arrival_terrarium, layout_basic
D:2:      minmay_chambers_of_twos, layout_basic, basic_altar
D:3:      kennysheep_big_flooded_room, layout_basic, gammafunk_ghost_cemetery,
          uniq_grinder

Skill      XL: |  1  2  3  4 |
---------------+-------------+-----
Summonings     | 1 2 |  2.0
Fighting       | 1 2 3 |  3.5
Dodging        | |  1.3
Stealth        | |  2.1
Spellcasting   | |  2.6
Conjurations   | |  0.8
Translocations | |  1.0

Action                     |  1- 3 |  4- 6 || total
---------------------------+-------+-------++-------
  Melee: Dagger            |    38 |       ||    38
         Tailslap          |    12 |     3 ||    15
         Whip              |    71 |    26 ||    97
   Cast: Magic Dart        |    36 |    11 ||    47
         Call Imp          |    16 |     6 ||    22
   Stab: Sleeping          |     1 |       ||     1
 Armour: Robe              |    68 |    24 ||    92
  Dodge: Dodged            |    43 |    13 ||    56
